 Dungeon Crawl Stone Soup version 0.28.0-43-g3370ac3207 (webtiles) character file.

Game seed: 6696284585328946312

48 H0rd4k the Magician (level 3, 0/19 HPs)
             Began as a Deep Elf Hedge Wizard on Mar 24, 2022.
             Slain by a hound skeleton (1 damage)
             ... on level 4 of the Dungeon.
             The game lasted 00:03:01 (2590 turns).

H0rd4k the Magician (Deep Elf Hedge Wizard)         Turns: 2590, Time: 00:03:02

Health: 0/19       AC:  3    Str:  7    XL:     3   Next: 50%
Magic:  12/12      EV: 12    Int: 20    God:
Gold:   67         SH:  0    Dex: 14    Spells: 5/14 levels left

rFire   . . .      SeeInvis .   n - +2 dagger (drain)
rCold   . . .      Faith    .   (no shield)
rNeg    . . .      Spirit   .   p - +1 robe "Ymoufung" {+Blink Archmagi}
rPois   .          Reflect  .   c - +0 hat
rElec   .          Harm     .   (no cloak)
rCorr   .          Rampage  .   (no gloves)
Will    .....      Archmagi +   (no boots)
Stlth   ++........              (no amulet)
HPRegen 0.06/turn               (no ring)
MPRegen 0.13/turn               (no ring)

@: no status effects
A: no striking features
a: Evoke Blink


You were on level 4 of the Dungeon.
You visited 1 branch of the dungeon, and saw 5 of its levels.

You collected 67 gold pieces.

Inventory:

Hand Weapons
 n - a +2 dagger of draining (weapon)
Armour
 b - a +0 robe
 c - a +0 hat (worn)
 l - an orb of guile
 p - the +1 robe "Ymoufung" (worn) {+Blink Archmagi}
   (You found it on level 2 of the Dungeon)

   +Blink:    It lets you blink.
   Archmagi:  It increases the power of your magical spells.
Scrolls
 e - 4 scrolls of identify {unknown}
 f - 2 scrolls of amnesia {unknown}
 g - 2 scrolls of blinking {unknown}
 h - a scroll of teleportation {unknown}
 i - 2 scrolls of enchant weapon {unknown}
 j - a scroll of vulnerability {unknown}
 k - 3 scrolls of immolation {unknown}
 o - a scroll of brand weapon {unknown}
Potions
 a - a potion of curing {unknown}
 d - a potion of heal wounds {unknown}
 m - 3 potions of haste {unknown}


   Skills:
 + Level 2.5 Dodging
 - Level 2.4 Stealth
 + Level 6.1 Spellcasting
 + Level 1.4 Conjurations
 + Level 1.1 Summonings
 + Level 1.1 Translocations


You had 5 spell levels left.
You knew the following spells:

 Your Spells              Type           Power      Damage    Failure   Level
a - Magic Dart            Conj           68%        1d6       6%          1
b - Blink                 Tloc           30%        N/A       10%         2
c - Conjure Flame         Conj/Fire      13%        6-21      22%         3
d - Mephitic Cloud        Conj/Pois/Air  12%        N/A       26%         3

Your spell library contained the following spells:

 Spells                   Type           Power      Damage    Failure   Level
 Call Imp                 Summ           15%        N/A       10%         2
 Slow                     Hex            36%        N/A       11%         1


Dungeon Overview and Level Annotations

Branches:
Dungeon (5/15)
 Temple: D:4-7

Altars:
Beogh

Annotations:
D:2 Natasha


Message History

k - 3 scrolls labelled GOMECR LENIFADD (gained 1)
You enter the shallow water.
Moving in this stuff is going to be slow.
Found a scroll labelled FOUBOU AMY CIS.
The bullfrog skeleton barely misses you.
The bullfrog skeleton hits you. The bullfrog skeleton misses you.
A hound zombie comes into view.
A jelly comes into view.
An ogre comes into view. It is wielding a +0 giant club.
A bullfrog zombie comes into view.
The bullfrog skeleton hits you.
There is a stone staircase leading up here.
The hound zombie closely misses you.
The bullfrog skeleton hits you but does no damage.
The hound zombie bites you but does no damage.
The jelly quivers.
You climb upwards.
You hear the hiss of flowing sand.
There is an entrance to an ossuary on this level.
Hurry and find it before the portal is buried!
The gnoll shouts! x2
Found 13 sling bullets, 6 gold pieces and 2 atropa-tipped darts.
Found an escape hatch in the floor.
There is a stone staircase leading down here.
The gnoll hits you from afar with a +0 halberd.
A kobold comes into view. It is wielding a +0 club.
The hound skeleton bites you but does no damage.
You see here 13 sling bullets.
An endoplasm comes into view.
The endoplasm quivers.
The hound skeleton misses you.
Found 5 poisoned darts.
The endoplasm freezes you.
You are frozen.
The endoplasm hits you but does no damage.
A kobold comes into view. It is wielding a +0 short sword.
The endoplasm freezes you.
You are frozen.
* * * LOW HITPOINT WARNING * * *
The hound skeleton bites you.
You die...

############
...........#
#....>.....#
#..........#####
#.........g.g..#####
#......$(g.###gJ...####.
#..........#...Z@....(..
#..........#.####.###.##
#.........>#. .#
#..........# ..
...K.......# ##.
.####.....## .. K# ..


You could see 2 gnolls, an endoplasm, a kobold (asleep) and a hound skeleton.

Vanquished Creatures
  An adder (D:3)
  5 orcs
  2 ball pythons (D:1)
  2 bats
  3 endoplasms
  A giant cockroach (D:3)
  3 goblins
  2 hobgoblins (D:1)
  2 jackals (D:1)
  4 frilled lizards
  4 kobolds
  2 rats (D:2)
31 creatures vanquished.

Notes
Turn   | Place    | Note
-------+----------+-------------------------------------------
     0 | D:1      | H0rd4k the Deep Elf Hedge Wizard began the quest for the
                  | Orb.
     0 | D:1      | Reached XP level 1. HP: 10/10 MP: 7/7
   300 | D:1      | Reached skill level 5 in Spellcasting
   408 | D:1      | Reached XP level 2. HP: 10/15 MP: 6/10
  1268 | D:2      | Noticed Natasha
  1806 | D:2      | Found a faded altar of an unknown god.
  1986 | D:2      | Identified the +1 robe "Ymoufung" {+Blink Archmagi}
  2033 | D:3      | Reached XP level 3. HP: 19/19 MP: 8/12
  2036 | D:3      | Learned a level 2 spell: Blink
  2040 | D:3      | Learned a level 3 spell: Conjure Flame
  2044 | D:3      | Learned a level 3 spell: Mephitic Cloud
  2247 | D:3      | Reached skill level 6 in Spellcasting
  2566 | D:3      | You fall into a shaft and drop 2 floors!
  2566 | D:5      | Entered Level 5 of the Dungeon
  2566 | D:5      | Noticed a black bear
  2576 | D:5      | Noticed an ogre
  2590 | D:4      | Slain by a hound skeleton

Illustrated notes

Levels and vault maps discovered:
D:1:      dpeg_arrival_signposts, layout_basic
D:2:      layout_basic, hellmonk_ecumenical_altar_defaced_shrine, uniq_natasha
D:3:      layout_basic
D:4:      layout_rooms, mainiacjoe_overflow_paths,
          nicolae_ossuary_entry_monument, grunt_ministairs_10,
          minmay_diced_spiral
D:5:      wander_river, layout_rooms, minmay_temple_entry_large_hall,
          serial_shops, nicolae_shop_crystal, shop, shop_fountains, shop,
          nicolae_shop_hallway_stairs, abandoned_shop, nrook_loot_triangle,
          minmay_fountain_box, minmay_misc_feat_ornament, uniq_prince_ribbit1,
          uniq_pikel, uniq_ijyb, uniq_sigmund

Skill      XL: |  1  2  3 |
---------------+----------+-----
Spellcasting   | 5 6 |  6.1
Dodging        | |  2.5
Stealth        | |  2.4
Conjurations   | |  1.4
Summonings     | |  1.1
Translocations | |  1.1

Action                   || total
-------------------------++-------
 Cast: Magic Dart        ||    83
Armor: Robe              ||     6
Dodge: Dodged            ||    10
